 Dungeon Crawl Stone Soup version 0.30-a0-779-g7971cf19c3 (webtiles) character file.

Game seed: 12093573295466854598

4 Adverbial the Caller (level 1, 0/13 HPs)
             Began as a Formicid Summoner on Feb 17, 2023.
             Slain by an orc
             ... wielding a +0 hand axe
              (3 damage)
             ... on level 3 of the Dungeon.
             The game lasted 00:01:31 (174 turns).

Adverbial the Caller (Formicid Summoner)             Turns: 174, Time: 00:01:32

Health: 0/13       AC:  2    Str: 12    XL:     1   Next: 66%
Magic:  3/3        EV: 12    Int: 14    God:
Gold:   35         SH:  0    Dex: 14    Spells: 3/4 levels left

rFire   . . .      SeeInvis +    (no weapon)
rCold   . . .      Faith    .    (no shield)
rNeg    . . .      Spirit   .    a - +0 robe
rPois   .          Reflect  .    (helmet unavailable)
rElec   .          Harm     .    (no cloak)
rCorr   .          Rampage  .    (no gloves)
Will    .....                    (no boots)
Stlth   ++                       (no amulet)
HPRegen 0.22/turn                (no ring)
MPRegen 0.08/turn                (no ring)

@: no status effects
A: permanent stasis, dig shafts and tunnels, antennae 3, four strong arms
a: Dig, Shaft Self


You were on level 3 of the Dungeon.
You visited 1 branch of the dungeon, and saw 3 of its levels.

You collected 35 gold pieces.

Inventory:

Hand Weapons
 d - a +1 war axe of electrocution
Armour
 a - a +0 robe (worn)
Potions
 b - a potion of magic
 c - 2 potions of mutation {unknown}


   Skills:
 + Level 1.8 Dodging
 + Level 2.5 Stealth
 + Level 2.3 Spellcasting
 + Level 4.0 Summonings


You had 3 spell levels left.
You knew the following spells:

 Your Spells              Type           Power      Damage    Failure   Level
a - Summon Small Mammal   Summ           48%        N/A       4%          1

Your spell library contained the following spells:

 Spells                   Type           Power      Damage    Failure   Level
 Call Imp                 Summ           12%        N/A       7%          2
 Call Canine Familiar     Summ           12%        N/A       13%         3
 Summon Guardian Golem    Hex/Summ       7%         N/A       30%         3
 Frozen Ramparts          Ice            2%         1d1       56%         3
 Summon Ice Beast         Ice/Summ       7%         N/A       69%         4
 Summon Lightning Spire   Summ/Air       7%         N/A       69%         4
 Ice Form                 Ice/Tmut       1%         N/A       93%         4


Dungeon Overview and Level Annotations

Branches:
Dungeon (2/15)

Altars:

Shops:
D:2 *


Innate Abilities, Weirdness & Mutations

You cannot be hasted, slowed, berserked, paralysed or teleported.
You can dig through walls and to a lower floor.
You have a pair of large antennae on your head. (SInv)
Your four strong arms can wield two-handed weapons with a shield.


Message History

The goblin is moderately wounded.
The goblin misses you.
You closely miss the goblin.
The goblin is moderately wounded.
A giant cockroach comes into view.
The goblin closely misses you.
You hit the goblin but do no damage.
The goblin is moderately wounded.
The goblin hits you with a +0 club.
You closely miss the goblin.
The goblin is moderately wounded.
The goblin hits you with a +0 club.
* * * LOW HITPOINT WARNING * * *
Are you sure you want to shaft yourself?
The goblin hits you but does no damage.
The kobold throws a stone.
The stone closely misses you.
You begin to dig a shaft.
You continue digging a shaft.
The goblin closely misses you. A shaft appears beneath you!
You fall into a shaft and drop 1 floor!
The shaft crumbles and collapses.
Found 2 gold pieces.
You now have 35 gold pieces (gained 2).
A rat and an orc come into view.
Found a runed war axe.
Found 5 stones.
Found a ring mail.
The orc shouts!
You hear a shout!
An orc and an orc priest come into view.
An adder comes into view.
Found a sling.
The orc hits you but does no damage.
You see here a +1 war axe of electrocution.
d - a +1 war axe of electrocution The orc hits you with a +0 hand axe.
* * * LOW HITPOINT WARNING * * *
Are you sure you want to shaft yourself?
The orc barely misses you.
You begin to dig a shaft.
You continue digging a shaft.
The orc hits you with a +0 hand axe.
You die...

#.# #.# #.# #.#
#.####### #
#####......r.
###.##.....######.
........o#.#
.......@o..#
###.(..#.#.#
#....#.#.#
#....#....
.[..........
.......#.#....
###.#.##.#.o.o.
.... .)...S


You could see an orc priest, an adder (wandering) and 2 orcs.

Vanquished Creatures
  A dart slug (D:1)
  A frilled lizard (D:1)
  A rat (D:1)
3 creatures vanquished.

Notes
Turn   | Place    | Note
-------+----------+-------------------------------------------
     0 | D:1      | Adverbial the Formicid Summoner began the quest for the
                  | Orb.
     0 | D:1      | Reached XP level 1. HP: 13/13 MP: 3/3
   133 | D:1      | You fall into a shaft and drop 1 floor!
   144 | D:2      | Found Isilooff's General Store.
   159 | D:2      | You fall into a shaft and drop 1 floor!
   168 | D:3      | Noticed an orc priest
   174 | D:3      | Slain by an orc

Illustrated notes

Levels and vault maps discovered:
D:1:      nicolae_arrival_somewhat_less_tricky_arrival, layout_loops_ring,
          shapermc_ecumenical_altar_mp_urbaneastern, st_stairs_7
D:2:      layout_basic, serial_shops, shop_fountains, grunt_decor_resistance
D:3:      layout_basic, grunt_gozag_breadcrumbs, ebering_ghost_rock_garden

Action                     || total
---------------------------++-------
  Melee: Unarmed           ||    28
Ability: Shaft Self        ||     3
 Armour: Robe              ||     7
  Dodge: Dodged            ||    17

Table legend: (Time is in decaauts)
 A = Elapsed time spent in this place.
 B = Non-inter-level travel time spent in this place.
 C = Inter-level travel time spent in this place.
 D = Time resting spent in this place.
 E = Time spent auto-exploring this place.
 F = Levels seen in this place.
 G = Mean time per level.
                   A        B        C        D        E       F      G
               +--------+--------+--------+--------+--------+-----+--------+
         Total |    173 |    173 |      0 |      0 |      0 |   3 |   57.7 |
       Dungeon |    173 |    173 |      0 |      0 |      0 |   3 |   57.7 |
               +--------+--------+--------+--------+--------+-----+--------+

Top non-repeatable levels by time:
     D:1: 133 daAuts
     D:2: 25 daAuts
     D:3: 14 daAuts
